 Dungeon Crawl Stone Soup version 0.22-a0-40-g3d2f077 (webtiles) character file.

76796 nikopol the Severer (level 15, -1/211 HPs)
             Began as a Minotaur Berserker on Jan 3, 2018.
             Was the Champion of Trog.
             Slain by an enormous slime creature (59 damage)
             ... on level 13 of the Dungeon on Jan 4, 2018.
             The game lasted 01:19:41 (28490 turns).

nikopol the Severer (Minotaur Berserker)           Turns: 28490, Time: 01:19:41

Health: -1/211     AC: 22    Str: 29    XL:     15   Next: 13%
Magic:  14/14      EV: 13    Int:  4    God:    Trog [******]
Gold:   1419       SH:  0    Dex: 17    Spells: 14/14 levels left

rFire    . . .     SeeInvis +   a - +2 executioner's axe (chop)
rCold    . . .     Gourm    +   (shield currently unavailable)
rNeg     + . .     Faith    .   F - +2 chain mail {MR+}
rPois    +         Spirit   .   r - +0 hat
rElec    .         Reflect  .   J - +2 cloak {MR+}
rCorr    .         Harm     .   I - +0 pair of gloves
MR       +++..                  P - +1 pair of boots
Stlth    ..........             M - amulet of the gourmand
HPRegen  0.45/turn              b - +3 ring of dexterity
MPRegen  0.14/turn              s - ring of the Louse {rPois rN+ SInv}

@: berserking, very quick
A: retaliatory headbutt, horns 2
a: Berserk, Trog's Hand, Brothers in Arms, Burn Spellbooks, Renounce Religion


You were on level 13 of the Dungeon.
You worshipped Trog.
Trog was exalted by your worship.
You were not hungry.

You visited 3 branches of the dungeon, and saw 21 of its levels.
You visited 1 bazaar.
You also visited: Sewer.

You collected 2207 gold pieces.
You spent 788 gold pieces at shops.

Inventory:

Hand Weapons
 a - a +2 executioner's axe of chopping (weapon)
 l - a +3 longbow of flaming
 z - a +6 longbow of freezing
 C - a +2 war axe of venom
Missiles
 i - 248 arrows
Armour
 p - the +0 ring mail of Narcissism {rN+ rCorr}
   (You found it on level 12 of the Dungeon)

   It protects you from negative energy.
   It protects you from acid and corrosion.
 r - a +0 hat (worn)
 w - a scarf of repulsion
 F - a +2 chain mail of magic resistance (worn)
 I - a +0 pair of gloves (worn)
 J - a +2 cloak of magic resistance (worn)
 P - a +1 pair of boots (worn)
Jewellery
 b - a +3 ring of dexterity (left hand)
 s - the ring of the Louse (right hand) {rPois rN+ SInv}
   (You bought it in a shop in a bazaar)

   [ring of see invisible]

   It protects you from poison.
   It protects you from negative energy.
   It lets you see invisible.
 D - a +3 amulet of reflection
 K - a +4 ring of protection
 M - an amulet of the gourmand (around neck)
 S - an uncursed ring of ice
Wands
 m - a wand of disintegration (18)
 E - a wand of iceblast (11)
 G - a wand of paralysis (40)
 O - a wand of digging (12)
 R - a wand of acid (5)
Scrolls
 d - 10 scrolls of teleportation
 h - 3 scrolls of fog
 k - 2 scrolls of magic mapping
 u - a scroll of blinking
 v - 3 scrolls of summoning
 y - 4 scrolls of remove curse
 B - a scroll of holy word {unknown}
 H - 3 scrolls of enchant armour
Potions
 e - 5 potions of flight
 f - 7 potions of might
 g - 5 potions of haste
 j - a potion of invisibility
 n - 9 potions of curing
 o - 4 potions of mutation
 t - 5 potions of heal wounds
 x - 5 potions of agility
 A - 4 potions of brilliance
 L - 2 potions of resistance
 N - 5 potions of lignification
 Q - 4 potions of berserk rage
Comestibles
 c - 42 rations


   Skills:
 + Level 15.5 Fighting
 + Level 16.5 Axes
 + Level 14.8 Bows
 + Level 13.8 Armour
 + Level 6.1 Dodging
 + Level 1.9 Stealth


You had 14 spell levels left.
You didn't know any spells.

Dungeon Overview and Level Annotations

Branches:
Dungeon (13/15)            Temple (0/1) D:4            Lair (6/6) D:10
 Shoals (0/4) Lair:3        Snake (0/4) Lair:3        Slime (0/5) Lair:6
    Orc (2/2) D:9             Elf (0/3) Orc:2        Vaults (0/5) D:13

Altars:
Ashenzari
Cheibriados
Makhleb
Qazlal
Vehumet
Wu Jian
Zin
The Shining One
Jiyva

Shops:
D:4 *   D:8 }   Orc:2 (*((


Innate Abilities, Weirdness & Mutations

You reflexively headbutt those who attack you in melee.
You have a pair of horns on your head.


Message History

The hungry ghost hits you.
You feel a lot more hungry.
You slice the hungry ghost!!
You destroy the hungry ghost!
Trog accepts your kill. The enormous slime creature hits you!!!
A red film seems to cover your vision as you go berserk!
You feel yourself moving faster!
You feel mighty!
You feel quite a bit more hungry. The enormous slime creature hits you!
You slash the enormous slime creature!
You headbutt the enormous slime creature!
The enormous slime creature is lightly wounded.
The enormous slime creature hits you!!!
* * * LOW HITPOINT WARNING * * *
You slash the enormous slime creature!
You headbutt the enormous slime creature!
The enormous slime creature is moderately wounded.
You slice the enormous slime creature like a ripe choko!!!
The enormous slime creature is heavily wounded.
The enormous slime creature hits you!!!
You die...

######(.. #...##(.
#...##†#
#####...##.######
..................
........5.........
########D#########
#J# #@# #.# #.#
#.# ########.#
.........#######
................
........<.......
########..######


You could see a five-headed hydra, an enormous slime creature and a shadow imp.

Vanquished Creatures
  Gastronok (Orc:1)
  Nessos (Lair:4)
  Azrael (Orc:2)
  Snorg (Orc:1)
  The ghost of Gorglomux the Protected, a journeyman DDFi of Makhleb (D:11)
  4 hydras
  Fannar (Orc:1)
  Erolcha (Orc:1)
  A catoblepas (Lair:6)
  2 ogre magi (Orc:2)
  A deep troll shaman (Lair:6)
  Erica (Orc:1)
  12 two-headed ogres
  7 death yaks
  Urug (Lair:3)
  2 deep trolls (Orc:1)
  2 unseen horrors
  A glowing orange brain (shapeshifter) (D:13)
  4 orc knights (Orc:2)
  Pikel (D:7)
  A lindwurm (Lair:6)
  An ugly thing (D:12)
  2 orc sorcerers
  3 cyclopes
  A manticore (D:11)
  11 elephants
  A merfolk siren (Lair:3)
  A centaur zombie (D:11)
  A guardian serpent (shapeshifter) (D:13)
  5 black mambas
  Maurice (D:9)
  5 torpor snails
  7 spiny frogs
  11 komodo dragons
  A rime drake (Lair:1)
  11 trolls
  The ghost of puck the Chopper, an amateur HOBe of Trog (D:4)
  5 polar bears
  13 blink frogs
  Prince Ribbit (D:7)
  7 hippogriffs
  4 dream sheep
  A spriggan (D:9)
  5 wyverns
  37 yaks
  The ghost of nikopol the Chopper, an amateur MiBe of Trog (D:3)
  2 fire elementals
  A steam dragon (D:12)
  A golden eye (shapeshifter) (D:13)
  A hungry ghost (D:13)
  4 vampire mosquitoes (D:12)
  2 wargs (Orc:2)
  2 acid dragons
  3 hell hounds
  8 water moccasins
  6 porcupines
  25 orc warriors
  2 ice beasts
  2 slaves (D:7)
  4 black bears
  4 phantoms
  23 wolves
  24 ogres
  A necrophage (D:11)
  3 sky beasts (D:5)
  A centaur (D:5)
  15 crocodiles
  14 bullfrogs
  2 big kobolds (Sewer)
  4 scorpions
  8 killer bees
  13 wights
  2 electric eels
  5 howler monkeys
  A lava snake (D:11)
  9 crimson imps
  6 hounds
  A bullfrog zombie (D:9)
  3 jellies
  23 orc wizards
  20 orc priests
  A bullfrog skeleton (D:10)
  Crazy Yiuf (D:4)
  4 iguanas
  3 worker ants
  A killer bee zombie (D:8)
  A hound zombie (D:5)
  2 hound skeletons
  A worker ant zombie (D:5)
  6 river rats (Sewer)
  17 adders
  4 shadow imps
  4 oozes
  2 adder skeletons
  A worm (D:4)
  12 dart slugs
  8 leopard geckos
  94 orcs
  11 bats
  4 hobgoblins
  10 jackals
  18 kobolds
  7 quokkas
  6 ball pythons
  3 frilled lizards
  6 goblins
  A quokka skeleton (D:4)
  A quokka zombie (D:5)
  25 rats
  3 fungi
  8 plants
694 creatures vanquished.

Vanquished Creatures (others)
  An ogre (Orc:2)
  An orc (D:7)
  2 bushes
  9 fungi
  4 plants
17 creatures vanquished.

Grand Total: 711 creatures vanquished

Notes
Turn   | Place    | Note
-------+----------+-------------------------------------------
     0 | D:1      | nikopol the Minotaur Berserker began the quest for the Orb.
     0 | D:1      | Reached XP level 1. HP: 19/19 MP: 0/0
   323 | D:1      | Reached skill level 4 in Axes
   324 | D:1      | Reached XP level 2. HP: 26/27 MP: 1/1
   999 | D:2      | Reached XP level 3. HP: 33/33 MP: 2/2
  1090 | D:2      | Reached ** piety under Trog
  1090 | D:2      | Reached XP level 4. HP: 32/41 MP: 3/3
  1197 | D:2      | Found a snail-covered altar of Cheibriados.
  1297 | D:2      | Found a radiant altar of Vehumet.
  1654 | D:3      | Noticed nikopol's ghost (amateur MiBe)
  1663 | D:3      | Killed nikopol's ghost
  1663 | D:3      | Reached skill level 5 in Axes
  1663 | D:3      | Reached XP level 5. HP: 29/47 MP: 4/4
  1899 | D:3      | Reached skill level 6 in Axes
  1899 | D:3      | Reached XP level 6. HP: 41/55 MP: 5/5
  2942 | D:3      | Found an ornate altar of the Wu Jian Council.
  3163 | D:4      | Reached skill level 5 in Fighting
  3474 | D:4      | Found a staircase to the Ecumenical Temple.
  3478 | D:4      | Noticed puck's ghost (amateur HOBe)
  3492 | D:4      | Killed puck's ghost
  3492 | D:4      | Reached *** piety under Trog
  3492 | D:4      | Reached skill level 7 in Axes
  3492 | D:4      | Reached skill level 5 in Armour
  3492 | D:4      | Reached XP level 7. HP: 61/61 MP: 6/6
  3706 | D:4      | Found Qapnaz's General Store.
  3816 | D:4      | Found a burning altar of Makhleb.
  3827 | D:4      | Reached skill level 8 in Axes
  4080 | D:4      | Found a runed door.
  4084 | D:4      | Noticed Crazy Yiuf
  4088 | D:4      | Killed Crazy Yiuf
  4223 | D:5      | Entered Level 5 of the Dungeon
  4234 | D:5      | Found a glowing drain.
  4241 | Sewer    | Entered a sewer
  4259 | Sewer    | Reached XP level 8. HP: 70/70 MP: 7/7
  4405 | Sewer    | Reached **** piety under Trog
  4839 | D:5      | Reached skill level 9 in Axes
  5433 | D:5      | Reached skill level 10 in Axes
  5480 | D:5      | Reached skill level 1 in Bows
  5485 | D:5      | Reached XP level 9. HP: 52/79 MP: 8/8
  5875 | D:6      | Found a stormy altar of Qazlal.
  6144 | D:6      | Reached ***** piety under Trog
  6942 | D:7      | Noticed Prince Ribbit
  6974 | D:7      | Killed Prince Ribbit
  7007 | D:7      | Noticed Pikel
  7031 | D:7      | Killed Pikel
  7031 | D:7      | Reached skill level 11 in Axes
  7031 | D:7      | Reached skill level 1 in Stealth
  7648 | D:8      | Found a glowing silver altar of Zin.
  7697 | D:8      | Received a gift from Trog
  7738 | D:8      | Reached XP level 10. HP: 90/90 MP: 9/9
  7908 | D:8      | Found a glowing golden altar of the Shining One.
  8047 | D:8      | Reached skill level 5 in Bows
  8048 | D:8      | Found Guemior's Gadget Emporium.
  8992 | D:9      | Noticed Maurice
  9003 | D:9      | Killed Maurice
  9311 | D:9      | Received a gift from Trog
  9393 | D:9      | Noticed a two-headed ogre
  9398 | D:9      | Reached skill level 12 in Axes
  9400 | D:9      | Received a gift from Trog
  9581 | D:9      | HP: 5/136 [orc warrior/halberd (18)]
  9581 | D:9      | Killed a two-headed ogre
  9589 | D:9      | Reached ****** piety under Trog
 10090 | D:9      | Found a staircase to the Orcish Mines.
 10246 | D:10     | Entered Level 10 of the Dungeon
 10600 | D:10     | Received a gift from Trog
 10606 | D:10     | Noticed a two-headed ogre
 10615 | D:10     | Killed a two-headed ogre
 10615 | D:10     | Reached XP level 11. HP: 95/99 MP: 10/10
 11005 | D:10     | Found a staircase to the Lair.
 11179 | D:10     | Noticed a two-headed ogre
 11183 | D:10     | Killed a two-headed ogre
 11183 | D:10     | Reached skill level 10 in Fighting
 11183 | D:10     | Reached skill level 5 in Dodging
 11184 | D:10     | Noticed an unseen horror
 11199 | D:10     | Killed an unseen horror
 11419 | Lair:1   | Entered Level 1 of the Lair of Beasts
 11594 | Lair:1   | Upgraded the game from 0.22-a0-32-ga749362 to 0.22-a0-40-g3d2f077
 11892 | Lair:1   | Noticed a six-headed hydra
 11901 | Lair:1   | Killed a six-headed hydra
 12279 | Lair:1   | Noticed a seven-headed hydra
 12289 | Lair:1   | Killed a seven-headed hydra
 12289 | Lair:1   | Received a gift from Trog
 12289 | Lair:1   | Reached skill level 13 in Axes
 12289 | Lair:1   | Reached skill level 10 in Armour
 12382 | Lair:1   | Found a snail-covered altar of Cheibriados.
 13664 | Lair:2   | Received a gift from Trog
 13664 | Lair:2   | Reached skill level 10 in Bows
 13780 | Lair:2   | Reached XP level 12. HP: 103/110 MP: 11/11
 14612 | Lair:3   | Received a gift from Trog
 15202 | Lair:3   | Found a staircase to the Shoals.
 15401 | Lair:3   | Found a staircase to the Snake Pit.
 15478 | Lair:4   | Noticed Urug
 15859 | Lair:3   | Killed Urug
 16586 | Lair:4   | Noticed Nessos
 16826 | Lair:4   | Killed Nessos
 16826 | Lair:4   | Reached skill level 14 in Axes
 16830 | Lair:4   | Noticed a death yak
 16995 | Lair:4   | Noticed a death yak
 17006 | Lair:3   | Killed a death yak
 17249 | Lair:4   | Killed a death yak
 17437 | Lair:4   | Reached XP level 13. HP: 78/119 MP: 12/12
 17742 | Lair:4   | Received a gift from Trog
 18800 | Lair:5   | Received a gift from Trog
 19781 | Lair:6   | Entered Level 6 of the Lair of Beasts
 20481 | Lair:6   | Found a viscous altar of Jiyva.
 20481 | Lair:6   | Found a staircase to the Slime Pits.
 20664 | Lair:6   | Received a gift from Trog
 21268 | Lair:6   | Reached skill level 15 in Axes
 21633 | Lair:6   | Reached XP level 14. HP: 132/132 MP: 13/13
 21746 | Lair:6   | Received a gift from Trog
 22030 | D:11     | Found a flickering gateway to a bazaar.
 22035 | Bazaar   | Entered a bazaar
 22039 | Bazaar   | Found Vonkuam's Jewellery Boutique.
 22057 | Bazaar   | Found Sitriushruu's Antique Armour Emporium.
 22074 | Bazaar   | Found Ufuteora's Book Boutique.
 22091 | Bazaar   | Found Gahec's Antique Armour Shoppe.
 22113 | Bazaar   | Bought the ring of the Louse {rPois rN+ SInv} for 182 gold pieces
 22131 | Bazaar   | Bought a warped chain mail for 142 gold pieces
 22142 | Bazaar   | Identified the cursed +0 chain mail of Agoraphobia {Int+2} (You bought it in a shop in a bazaar)
 22148 | Bazaar   | Bought a runed chain mail for 112 gold pieces
 22148 | Bazaar   | Bought a glowing cloak for 112 gold pieces
 22733 | D:11     | Noticed Gorglomux's ghost (journeyman DDFi)
 22744 | D:11     | Killed Gorglomux's ghost
 23801 | D:12     | Found a shattered altar of Ashenzari.
 23907 | D:12     | Got a polished ring mail
 23918 | D:12     | Identified the cursed +0 ring mail of Narcissism {rN+ rCorr} (You found it on level 12 of the Dungeon)
 24746 | Orc:1    | Entered Level 1 of the Orcish Mines
 24749 | Orc:1    | Noticed Gastronok
 24766 | Orc:1    | Killed Gastronok
 24880 | Orc:1    | Received a gift from Trog
 25087 | Orc:2    | Entered Level 2 of the Orcish Mines
 25127 | Orc:2    | Received a gift from Trog
 25133 | Orc:2    | Noticed Azrael
 25367 | Orc:2    | Killed Azrael
 25990 | Orc:2    | Found a burning altar of Makhleb.
 26029 | Orc:2    | Reached skill level 15 in Fighting
 26063 | Orc:2    | Found a staircase to the Elven Halls.
 26089 | Orc:2    | Found Bathi's Assorted Antiques.
 26453 | Orc:2    | Reached skill level 16 in Axes
 26459 | Orc:2    | Received a gift from Trog
 27260 | Orc:2    | Found Rimewin's Antique Weapon Shoppe.
 27286 | Orc:2    | Found Oxicoce's Weapon Shop.
 27287 | Orc:2    | Found Wenlat's Antique Weapon Boutique.
 27298 | Orc:2    | Reached XP level 15. HP: 141/141 MP: 14/14
 27673 | Orc:2    | Bought a scroll of enchant weapon for 240 gold pieces
 27701 | Orc:1    | Noticed Erolcha
 27704 | Orc:1    | Noticed Snorg
 27706 | Orc:1    | Killed Erolcha
 27715 | Orc:1    | Killed Snorg
 27863 | Orc:1    | Received a gift from Trog
 27889 | Orc:1    | Noticed Fannar
 27896 | Orc:1    | Noticed Erica
 27903 | Orc:1    | Killed Fannar
 27906 | Orc:1    | Killed Erica
 28465 | D:13     | Found a gate to the Vaults.
 28490 | D:13     | Slain by an enormous slime creature

Vault maps used:
D:1:      dpeg_arrival_rooms_with_view, serial_forest,
          infiniplex_forest_straight_3, infiniplex_forest_pool,
          infiniplex_forest_straight_5, infiniplex_forest_lined_3,
          infiniplex_forest_corner_1
D:2:      lemuel_doored_altar, kennysheep_slug_shrine, first_ration,
          minmay_tetromino_l2
D:3:      kennysheep_slugbush, nicolae_overflow_hidden_temple
D:4:      minmay_temple_entry_glass, kennysheep_diamond, bloody_makhleb,
          uniq_crazy_yiuf_cottage
D:5:      cheibrodos_sewer_entry_sluice
D:6:      st_stairs_1, nicolae_qazlal_style_of_elements
D:7:      uniq_pikel, uniq_prince_ribbit1
D:8:      kennysheep_mini_moat, serial_shops, kennysheep_little_box,
          tso_metal_star
D:9:      david_orc_4, the_bakery, roderic_filled_cross, uniq_maurice
D:10:     lair_entry_dummy, minmay_hedge_maze
D:11:     serial_shops, bzr_entry_road, small_statue_alley_a, kennysheep_donut
D:12:     ashenzari_altar_1
D:13:     david_vaults_2, serial_shops, shop
Lair:1:   kennysheep_snail_temple, serial_bayou_shore_a
Lair:2:   gammafunk_lair_bear_cave, lemuel_fruit_tree
Lair:3:   minmay_shoals_entry_lonely_mermaid, dummy_snake_entry,
          lemuel_old_faithful
Lair:4:   beast_lair_carwin_11, uniq_urug, uniq_nessos
Lair:6:   grunt_lair_end_beastmaster, slime_altar_1
Orc:1:    lightli_orcish_oven, uniq_erica, uniq_gastronok, uniq_snorg,
          uniq_fannar, uniq_erolcha
Orc:2:    st_orc_open, basic_altar, uniq_azrael
Bazaar:   bazaar_jpeg_circle_common
Sewer:    sewer_minmay_treatment

Skill      XL: |  1  2  3  4  5  6  7  8  9 10 11 12 13 14 |
---------------+-------------------------------------------+-----
Axes           | 4 5 6 7 8 10 11 12 13 14 15 16 | 16.5
Fighting       | 4 5 7 8 9 11 12 14 15 | 15.5
Armour         | 3 5 6 7 8 9 10 11 12 13 | 13.8
Dodging        | 3 4 5 6 |  6.1
Bows           | 1 4 7 10 11 13 14 | 14.8
Stealth        | 1 |  1.9

Action                   |  1- 3 |  4- 6 |  7- 9 | 10-12 | 13-15 || total
-------------------------+-------+-------+-------+-------+-------++-------
Melee: Hand axe          |    41 |    40 |   108 |       |       ||   189
       Headbutt          |     4 |    14 |    70 |   105 |   119 ||   312
       War axe           |       |    69 |   215 |   389 |   340 ||  1013
       Flail             |       |       |       |     6 |       ||     6
       Executioner's axe |       |       |       |       |    48 ||    48
 Fire: Shortbow          |       |       |    70 |   404 |       ||   474
       Longbow           |       |       |       |     1 |   462 ||   463
Invok: Berserk           |       |     3 |     2 |     9 |     9 ||    23
       Burn Spellbooks   |       |       |       |     3 |     3 ||     6
  Use: Scroll            |       |     4 |     9 |    15 |    10 ||    38
       Potion            |       |       |       |     2 |       ||     2
  Eat: Chunk             |       |     6 |    18 |    49 |    41 ||   114
       Ration            |       |     1 |       |       |       ||     1
Armor: Animal skin       |     5 |       |       |       |       ||     5
       Ring mail         |     6 |    36 |       |       |       ||    42
       Chain mail        |       |     6 |   138 |   172 |   211 ||   527
Dodge: Dodged            |    29 |    72 |   156 |   210 |   243 ||   710
       Deflected         |       |     1 |     1 |     7 |       ||     9

Table legend:
 A = Spawn XP
 B = Non-spawn XP
 C = Spawn XP percentage of total XP
 D = Spawn monster count
 E = Non-spawn monster count
 F = Spawn count percentage of total count
 G = Total turns spent on level
                    A         B        C        D         E        F      G
               +---------+---------+-------+---------+---------+-------+---------
         Total |       0 |  109709 |   0.0 |       0 |     682 |   0.0 | 28490
               +---------+---------+-------+---------+---------+-------+---------
           D:1 |       0 |      20 |   0.0 |       0 |      11 |   0.0 |   905
           D:2 |       0 |     127 |   0.0 |       0 |      22 |   0.0 |  1101
           D:3 |       0 |     287 |   0.0 |       0 |      29 |   0.0 |  1165
           D:4 |       0 |     990 |   0.0 |       0 |      27 |   0.0 |  1378
           D:5 |       0 |    1202 |   0.0 |       0 |      31 |   0.0 |   947
           D:6 |       0 |     231 |   0.0 |       0 |       6 |   0.0 |   621
           D:7 |       0 |    1820 |   0.0 |       0 |      24 |   0.0 |   852
           D:8 |       0 |    1350 |   0.0 |       0 |      35 |   0.0 |  1832
           D:9 |       0 |    3181 |   0.0 |       0 |      36 |   0.0 |   920
          D:10 |       0 |    4720 |   0.0 |       0 |      34 |   0.0 |  1289
          D:11 |       0 |    7961 |   0.0 |       0 |      50 |   0.0 |  1550
          D:12 |       0 |    2722 |   0.0 |       0 |      14 |   0.0 |   983
          D:13 |       0 |    1534 |   0.0 |       0 |       4 |   0.0 |    46
        Lair:1 |       0 |    5226 |   0.0 |       0 |      14 |   0.0 |  1739
        Lair:2 |       0 |    2531 |   0.0 |       0 |      13 |   0.0 |  1128
        Lair:3 |       0 |    9650 |   0.0 |       0 |      46 |   0.0 |  2619
        Lair:4 |       0 |   10742 |   0.0 |       0 |      39 |   0.0 |  1584
        Lair:5 |       0 |    7999 |   0.0 |       0 |      30 |   0.0 |  1429
        Lair:6 |       0 |   15329 |   0.0 |       0 |      31 |   0.0 |  2066
         Orc:1 |       0 |   12132 |   0.0 |       0 |      59 |   0.0 |  2101
         Orc:2 |       0 |   19586 |   0.0 |       0 |      79 |   0.0 |  1500
         Sewer |       0 |     369 |   0.0 |       0 |      48 |   0.0 |   593
               +---------+---------+-------+---------+---------+-------+---------
